SL
CHICAGO GOLD SOX @ WIZARDING EXPRESS
08/10/2032
 
TOP OF THE 1ST
Chicago Gold Sox batting - Pitching for Wizarding Express : LHP Finn Wuilink
Pitching: LHP Finn Wuilink
Batting: LHB Noel Ballard 0-0: Ball
1-0: Called Strike
1-1: SINGLE (Line Drive, 3S)
Batting: RHB Ramón Rodríguez 0-0: Ball
1-0: Ball
2-0: Foul Ball, location: 2F
2-1: Ball
3-1: Called Strike
3-2: Fly out, F5 (Popup, 5)
Pitching: LHP Hao Wei
Batting: RHB Jay Hood 0-0: Ball
1-0: Called Strike
1-1: SINGLE (Groundball, 6MD)
Noel Ballard to second
Runner from 2nd tries for 3rd, OUT!
Batting: RHB Jeb Sexton 0-0: Ball
1-0: Ball
2-0: Fielders Choice at 2nd, 6-4 (Groundball, 6)
Top of the 1st over - 0 runs, 2 hits, 0 errors, 1 left on base; Chicago 0 - Wizarding 0
BOTTOM OF THE 1ST
Wizarding Express batting - Pitching for Chicago Gold Sox : LHP Keisuke Nishida
Pitching: LHP Keisuke Nishida
Batting: RHB Frank Grimes 0-0: Swinging Strike
0-1: Foul Ball, location: 2F
0-2: Strikes out swinging
Batting: LHB José Corona 0-0: Called Strike
0-1: Called Strike
0-2: Fly out, F9 (Flyball, 9D)
Batting: RHB Ralph Cranford 0-0: Ball
1-0: Ball
2-0: Ball
3-0: Called Strike
3-1: Ground out 6-3 (Groundball, 6D)
Bottom of the 1st over - 0 runs, 0 hits, 0 errors, 0 left on base; Chicago 0 - Wizarding 0
TOP OF THE 2ND
Chicago Gold Sox batting - Pitching for Wizarding Express : LHP Hao Wei
Batting: SHB Lupo Cotto 0-0: Called Strike
0-1: SOLO HOME RUN (Flyball, 7D), Distance : 367 ft
Batting: LHB Shigenobu Ohayashi 0-0: Swinging Strike
0-1: Ball
1-1: Called Strike
1-2: Foul Ball, location: 2F
1-2: Strikes out looking
Batting: RHB Manuel Guillama 0-0: Ball
1-0: Foul Ball, location: 2F
1-1: Ball
2-1: Called Strike
2-2: Foul Ball, location: 2F
2-2: Foul Ball, location: 2F
2-2: Ball
3-2: Strikes out swinging
Batting: RHB Hirohisa Ogasawara 0-0: Ground out 4-3 (Groundball, 4)
Top of the 2nd over - 1 run, 1 hit, 0 errors, 0 left on base; Chicago 1 - Wizarding 0
BOTTOM OF THE 2ND
Wizarding Express batting - Pitching for Chicago Gold Sox : LHP Keisuke Nishida
Batting: RHB Paul Penrice 0-0: Fly out, F6 (Popup, P)
Batting: LHB Nathan Tanner 0-0: SINGLE (Flyball, 7S)
Batting: RHB Gustavo Mateo 0-0: Called Strike
0-1: Grounds into double play, 6-4-3 (Groundball, 56)
Bottom of the 2nd over - 0 runs, 1 hit, 0 errors, 0 left on base; Chicago 1 - Wizarding 0
TOP OF THE 3RD
Chicago Gold Sox batting - Pitching for Wizarding Express : LHP Hao Wei
Batting: RHB Norman Winston 0-0: Ball
1-0: Called Strike
1-1: Swinging Strike
1-2: Ball
2-2: Foul Ball, location: 2F
2-2: Ball
3-2: Base on Balls
Batting: LHB Noel Ballard 0-0: SINGLE (Groundball, 56D)
Norman Winston to second
Batting: RHB Ramón Rodríguez 0-0: Ball
1-0: Ball
2-0: Called Strike
2-1: Called Strike
2-2: Strikes out swinging
Batting: RHB Jay Hood 0-0: Reached on error, E4 (Flyball, 4D)
Norman Winston to third
Noel Ballard to second
Batting: RHB Jeb Sexton 0-0: Ball
1-0: Ball
2-0: Called Strike
2-1: Foul Ball, location: 2F
2-2: Ball
3-2: Base on Balls
Norman Winston scores
Noel Ballard to third
Jay Hood to second
Batting: SHB Lupo Cotto 0-0: SINGLE (Line Drive, 6M)
Noel Ballard scores
Jay Hood to third
Jeb Sexton to second
Runner from 3rd tries for Home, throw and OUT!
Batting: LHB Shigenobu Ohayashi 0-0: Swinging Strike
0-1: Ball
1-1: Ground out 6-3 (Groundball, 6MD)
Top of the 3rd over - 2 runs, 2 hits, 1 error, 2 left on base; Chicago 3 - Wizarding 0
BOTTOM OF THE 3RD
Wizarding Express batting - Pitching for Chicago Gold Sox : LHP Keisuke Nishida
Batting: SHB Salvador Trevino 0-0: Called Strike
0-1: Called Strike
0-2: Strikes out swinging
Batting: LHB Cris Gonzáles 0-0: Foul Ball, location: 2F
0-1: Ball
1-1: Ball
2-1: Foul Ball, location: 2F
2-2: Ball
3-2: Fly out, F6 (Line Drive, 6M)
Batting: LHB António Boccanegra 0-0: DOUBLE (Flyball, 78XD)
Batting: RHB Frank Grimes 0-0: Ball
1-0: Called Strike
1-1: Ball
2-1: Ball
3-1: Foul Ball, location: 2F
3-2: Base on Balls
Batting: LHB José Corona 0-0: Ball
1-0: Ground out U3 (Groundball, 34)
Bottom of the 3rd over - 0 runs, 1 hit, 0 errors, 2 left on base; Chicago 3 - Wizarding 0
TOP OF THE 4TH
Chicago Gold Sox batting - Pitching for Wizarding Express : LHP Hao Wei
Batting: RHB Manuel Guillama 0-0: Called Strike
0-1: Foul Ball, location: 2F
0-2: Ball
1-2: Ball
2-2: Ball
3-2: Foul Ball, location: 2F
3-2: Base on Balls
Pitching: RHP Biff Tannen
Batting: RHB Hirohisa Ogasawara 0-0: Swinging Strike
0-1: Swinging Strike
0-2: Ball
1-2: Ball
2-2: Strikes out swinging
Batting: RHB Norman Winston 0-0: Foul Ball, location: 2F
0-1: Ball
1-1: Foul Ball, location: 2F
1-2: Foul Ball, location: 2F
1-2: Ball
2-2: Foul Ball, location: 2F
2-2: Ball
3-2: Foul Ball, location: 2F
3-2: Foul Ball, location: 2F
3-2: Base on Balls
Manuel Guillama to second
Batting: LHB Noel Ballard 0-0: Called Strike
0-1: Ball
1-1: Grounds into double play, 4-6-3 (Groundball, 4)
Top of the 4th over - 0 runs, 0 hits, 0 errors, 1 left on base; Chicago 3 - Wizarding 0
BOTTOM OF THE 4TH
Wizarding Express batting - Pitching for Chicago Gold Sox : LHP Keisuke Nishida
Batting: RHB Ralph Cranford 0-0: Called Strike
0-1: Called Strike
0-2: Ball
1-2: Foul Ball, location: 2F
1-2: Ball
2-2: Ball
3-2: SINGLE (Line Drive, 78S)
Batting: RHB Paul Penrice 0-0: Called Strike
0-1: Ball
1-1: Called Strike
1-2: Foul Ball, location: 2F
1-2: Foul Ball, location: 2F
1-2: Strikes out swinging
Batting: LHB Nathan Tanner 0-0: Ball
1-0: Ball
2-0: Fly out, F7 (Flyball, 7LSF)
Batting: RHB Gustavo Mateo 0-0: Ball
1-0: Ball
2-0: Called Strike
2-1: Fly out, F8 (Flyball, 8LXD)
Bottom of the 4th over - 0 runs, 1 hit, 0 errors, 1 left on base; Chicago 3 - Wizarding 0
TOP OF THE 5TH
Chicago Gold Sox batting - Pitching for Wizarding Express : RHP Biff Tannen
Batting: RHB Ramón Rodríguez 0-0: Ground out 6-3 (Groundball, 6)
Batting: RHB Jay Hood 0-0: Ball
1-0: Foul Ball, location: 2F
1-1: Fly out, F9 (Flyball, 9LS)
Batting: RHB Jeb Sexton 0-0: Ball
1-0: Ball
2-0: SINGLE (Groundball, 6) (infield hit)
Batting: SHB Lupo Cotto 0-0: Swinging Strike
Jeb Sexton steals 2nd base
0-1: Swinging Strike
0-2: SINGLE (Groundball, 34D)
Jeb Sexton to third
Runner from 3rd tries for Home, SAFE, no throw
Batting: LHB Shigenobu Ohayashi 0-0: Called Strike
0-1: Foul Ball, location: 2F
0-2: SINGLE (Groundball, 3D)
Lupo Cotto to second
Runner from 2nd tries for 3rd, SAFE, no throw
Batting: RHB Manuel Guillama 0-0: Ball
1-0: Ball
2-0: Ball
3-0: Called Strike
3-1: Foul Ball, location: 2F
3-2: Foul Ball, location: 2F
3-2: Base on Balls
Shigenobu Ohayashi to second
Batting: RHB Hirohisa Ogasawara 0-0: Foul Ball, location: 2F
0-1: SINGLE (Groundball, 4MD)
Lupo Cotto scores
Shigenobu Ohayashi to third
Manuel Guillama to second
Runner from 3rd tries for Home, throw and OUT!
Top of the 5th over - 2 runs, 4 hits, 0 errors, 2 left on base; Chicago 5 - Wizarding 0
BOTTOM OF THE 5TH
Wizarding Express batting - Pitching for Chicago Gold Sox : LHP Keisuke Nishida
Batting: SHB Salvador Trevino 0-0: Called Strike
0-1: Ball
1-1: Foul Ball, location: 2F
1-2: Ball
2-2: Ground out 5-3 (Groundball, 56S)
Batting: LHB Cris Gonzáles 0-0: Ball
1-0: Ball
2-0: Called Strike
2-1: Ground out 5-3 (Groundball, 2L)
Batting: LHB António Boccanegra 0-0: Called Strike
0-1: Foul Ball, location: 2F
0-2: Foul Ball, location: 2F
0-2: Ball
1-2: SINGLE (Line Drive, 34D)
Batting: RHB Frank Grimes 0-0: Ball
1-0: Foul Ball, location: 2F
1-1: Ball
2-1: DOUBLE (Groundball, 5L)
António Boccanegra to third
Runner from 3rd tries for Home, SAFE, no throw
Batting: LHB José Corona 0-0: Ball
1-0: Ball
2-0: Ball
Wild Pitch!
Frank Grimes to third
3-0: Called Strike
3-1: Fly out, F9 (Flyball, 9LS)
Bottom of the 5th over - 1 run, 2 hits, 0 errors, 1 left on base; Chicago 5 - Wizarding 1
TOP OF THE 6TH
Chicago Gold Sox batting - Pitching for Wizarding Express : RHP Biff Tannen
Pitching: RHP Juan Cantú
Batting: RHB Norman Winston 0-0: Swinging Strike
0-1: Swinging Strike
0-2: Ball
1-2: Strikes out swinging
Batting: LHB Noel Ballard 0-0: Called Strike
0-1: Ball
1-1: Ball
2-1: Ball
3-1: Foul Ball, location: 2F
3-2: Base on Balls
Batting: RHB Ramón Rodríguez 0-0: Ball
1-0: Foul Ball, location: 2F
1-1: Ball
2-1: Grounds into double play, 6-4-3 (Groundball, 6M)
Top of the 6th over - 0 runs, 0 hits, 0 errors, 0 left on base; Chicago 5 - Wizarding 1
BOTTOM OF THE 6TH
Wizarding Express batting - Pitching for Chicago Gold Sox : LHP Keisuke Nishida
Batting: RHB Ralph Cranford 0-0: Called Strike
0-1: Ball
1-1: Called Strike
1-2: Ball
2-2: Ball
3-2: Foul Ball, location: 2F
3-2: Fly out, F5 (Popup, 15S)
Batting: RHB Paul Penrice 0-0: Called Strike
0-1: Called Strike
0-2: Foul Ball, location: 2F
0-2: Ball
1-2: Ball
2-2: Strikes out looking
Batting: LHB Nathan Tanner 0-0: Called Strike
0-1: Ball
1-1: Foul Ball, location: 2F
1-2: Foul Ball, location: 2F
1-2: Strikes out swinging
Bottom of the 6th over - 0 runs, 0 hits, 0 errors, 0 left on base; Chicago 5 - Wizarding 1
TOP OF THE 7TH
Chicago Gold Sox batting - Pitching for Wizarding Express : RHP Juan Cantú
Batting: RHB Jay Hood 0-0: SINGLE (Line Drive, 4MD)
Batting: RHB Jeb Sexton 0-0: Ball
Jay Hood steals 2nd base
1-0: Swinging Strike
1-1: Foul Ball, location: 2F
1-2: Ground out U3 (Groundball, 3D)
Jay Hood to third
Batting: SHB Lupo Cotto 0-0: Intentional Walk
Batting: LHB Shigenobu Ohayashi 0-0: Ball
1-0: Reached via error on a dropped throw, E6
Jay Hood scores
Lupo Cotto to second
Batting: RHB Manuel Guillama 0-0: Ball
1-0: Ball
2-0: Ball
3-0: Base on Balls
Lupo Cotto to third
Shigenobu Ohayashi to second
Batting: RHB Hirohisa Ogasawara 0-0: Ball
1-0: Swinging Strike
1-1: Foul Ball, location: 2F
1-2: Ball
2-2: Strikes out looking
Batting: RHB Norman Winston 0-0: Called Strike
0-1: Foul Ball, location: 2F
0-2: Fly out, F8 (Line Drive, 8LS)
Top of the 7th over - 1 run, 1 hit, 1 error, 3 left on base; Chicago 6 - Wizarding 1
BOTTOM OF THE 7TH
Wizarding Express batting - Pitching for Chicago Gold Sox : LHP Keisuke Nishida
Batting: RHB Gustavo Mateo 0-0: Fly out, F9 (Flyball, 9S)
Batting: SHB Salvador Trevino 0-0: Ball
1-0: Ball
2-0: Called Strike
2-1: Ball
3-1: Fly out, F9 (Line Drive, 9LS)
Batting: LHB Cris Gonzáles 0-0: Ball
1-0: Foul Ball, location: 2F
1-1: Ball
2-1: Ball
3-1: Called Strike
3-2: Ground out 5-3 (Groundball, 56)
Bottom of the 7th over - 0 runs, 0 hits, 0 errors, 0 left on base; Chicago 6 - Wizarding 1
TOP OF THE 8TH
Chicago Gold Sox batting - Pitching for Wizarding Express : RHP Juan Cantú
Batting: LHB Noel Ballard 0-0: Foul Ball, location: 2F
0-1: Foul Ball, location: 2F
0-2: Ball
1-2: Ball
2-2: Ball
3-2: Foul Ball, location: 2F
3-2: Foul Ball, location: 2F
3-2: SINGLE (Line Drive, 9S)
Batting: RHB Ramón Rodríguez 0-0: Ball
1-0: Fly out, F9 (Flyball, 9LD)
Batting: RHB Jay Hood 0-0: Swinging Strike
0-1: Swinging Strike
0-2: Foul Ball, location: 2F
0-2: Strikes out looking
Batting: RHB Jeb Sexton 0-0: Ball
1-0: Ball
2-0: Ball
3-0: Called Strike
3-1: Fly out, F7 (Line Drive, 7LM)
Top of the 8th over - 0 runs, 1 hit, 0 errors, 1 left on base; Chicago 6 - Wizarding 1
BOTTOM OF THE 8TH
Wizarding Express batting - Pitching for Chicago Gold Sox : LHP Keisuke Nishida
Batting: LHB António Boccanegra 0-0: Ball
1-0: Ground out 6-3 (Groundball, 6)
Batting: RHB Frank Grimes 0-0: Called Strike
0-1: Called Strike
0-2: Ball
1-2: Strikes out swinging
Batting: LHB José Corona 0-0: Ball
1-0: Fly out, F3 (Popup, 34)
Bottom of the 8th over - 0 runs, 0 hits, 0 errors, 0 left on base; Chicago 6 - Wizarding 1
TOP OF THE 9TH
Chicago Gold Sox batting - Pitching for Wizarding Express : RHP Juan Cantú
Batting: SHB Lupo Cotto 0-0: Ball
1-0: Ground out U3 (Groundball, 23)
Batting: LHB Shigenobu Ohayashi 0-0: Ball
1-0: Ball
2-0: Foul Ball, location: 2F
2-1: DOUBLE (Line Drive, 8RD)
Batting: RHB Manuel Guillama 0-0: Ground out 4-3 (Groundball, 4)
Shigenobu Ohayashi to third
Batting: RHB Hirohisa Ogasawara 0-0: Ball
1-0: Called Strike
1-1: SINGLE (Line Drive, 9S)
Shigenobu Ohayashi scores
Batting: RHB Norman Winston 0-0: Ball
Hirohisa Ogasawara steals 2nd base
1-0: Ground out 5-3 (Groundball, 5)
Top of the 9th over - 1 run, 2 hits, 0 errors, 1 left on base; Chicago 7 - Wizarding 1
BOTTOM OF THE 9TH
Wizarding Express batting - Pitching for Chicago Gold Sox : RHP Rob Rocha
Pitching: RHP Rob Rocha
Batting: RHB Ralph Cranford 0-0: Called Strike
0-1: SINGLE (Groundball, 6MD)
Batting: RHB Paul Penrice 0-0: Swinging Strike
0-1: Ball
1-1: Swinging Strike
1-2: Strikes out swinging
Batting: LHB Nathan Tanner 0-0: Ball
1-0: Ball
2-0: Called Strike
2-1: Swinging Strike
2-2: Ball
3-2: Foul Ball, location: 2F
3-2: Base on Balls
Ralph Cranford to second
Batting: RHB Gustavo Mateo 0-0: Called Strike
0-1: Grounds into double play, 4-6-3 (Groundball, 4)
Bottom of the 9th over - 0 runs, 1 hit, 0 errors, 1 left on base; Chicago 7 - Wizarding 1
Wednesday, September 19th, 2018 - OOTP Baseball 18.8 Build 76